 Dungeon Crawl Stone Soup version 0.26-a0-808-g930a2b7adc (webtiles) character file.

Game seed: 9304229928217481581

4225 Kinoniko the Basher (level 10, -9/77 HPs)
             Began as a Black Draconian Berserker on Nov 12, 2020.
             Was a High Priest of Trog.
             Mangled by a hornet (16 damage)
             ... while paralysed by a hornet
             ... on level 9 of the Dungeon.
             The game lasted 00:11:36 (7842 turns).

Kinoniko the Basher (Black Draconian Berserker)     Turns: 7842, Time: 00:11:37

Health: -9/77      AC: 14    Str: 28    XL:     10   Next: 9%
Magic:  3/3        EV:  2    Int:  9    God:    Trog [*****.]
Gold:   265        SH:  0    Dex: 10    Spells: 9/9 levels left

rFire    . . .     SeeInvis .   v - +5 demon whip "Spellbinder" {antimagic, MR+}
rCold    . . .     Faith    +   A - +3 buckler
rNeg     . . .     Spirit   .   (armour unavailable)
rPois    .         Reflect  .   j - +2 hat
rElec    +         Harm     .   f - +0 cloak
rCorr    .         Rampage  .   B - +2 pair of gloves
MR       ++...                  w - +0 pair of boots
Stlth    +.........             D - amulet of faith
HPRegen  0.22/turn              n - ring of protection from magic
MPRegen  0.08/turn              E - +6 ring of strength

@: paralysed, slowed
A: breathe lightning, unfitting armour, electricity resistance, cold-blooded, AC
+7
a: Breathe Lightning, Berserk, Trog's Hand, Brothers in Arms, Renounce Religion


You were on level 9 of the Dungeon.
You worshipped Trog.
Trog was extremely pleased with you.
You visited 1 branch of the dungeon, and saw 9 of its levels.

You collected 510 gold pieces.
You spent 245 gold pieces at shops.

Inventory:

Hand Weapons
 a - a +0 hand axe
 c - a +3 whip
 q - a +2 war axe of electrocution
 v - the +5 demon whip "Spellbinder" (weapon) {antimagic, MR+}
   (You found it on level 5 of the Dungeon)

   It reduces the magical energy of the wielder, and disrupts the spells and
   magical abilities of those hit.
   Natural abilities and divine invocations are not affected.
   It affects your resistance to hostile enchantments.
Armour
 f - a +0 cloak (worn)
 j - a +2 hat (worn)
 w - a +0 pair of boots (worn)
 A - a +3 buckler (worn)
 B - a +2 pair of gloves (worn)
Jewellery
 k - an uncursed amulet of reflection
 n - a ring of protection from magic (left hand)
 D - an amulet of faith (around neck)
 E - a +6 ring of strength (right hand)
 G - an uncursed ring of see invisible
Wands
 x - a wand of random effects (10)
 y - a wand of paralysis (19)
Scrolls
 b - a scroll of identify
 e - a scroll of vulnerability {unknown}
 h - 5 scrolls of teleportation
 o - 2 scrolls of enchant weapon
 r - a scroll of fog
 t - 3 scrolls of remove curse
Potions
 d - a potion of mutation
 g - 5 potions of haste
 i - 3 potions of curing
 l - a potion of attraction {unknown}
 m - a potion of heal wounds
 p - a potion of invisibility
 u - 2 potions of degeneration
 z - a potion of might
 C - a potion of resistance {unknown}


   Skills:
 - Level 3.3 Fighting
 - Level 5.7(9.5) Axes
 * Level 11.6(12.1) Maces & Flails
 - Level 2.7 Dodging
 - Level 6.8 Shields


You had 9 spell levels left.
You didn't know any spells.
Your spell library contained the following spells:

 Spells                   Type           Power        Failure   Level
 Beastly Appendage        Tmut           #.....       38%         1
 Magic Dart               Conj           #...         38%         1
 Searing Ray              Conj           #.....       52%         2
 Wereblood                Tmut           #.......     52%         2
 Dazzling Flash           Conj/Hex       #.....       77%         3
 Spider Form              Tmut/Pois      #.........   77%         3
 Fulminant Prism          Conj/Hex       #.........   99%         4
 Ice Form                 Ice/Tmut       #.......     99%         4
 Iskenderun's Mystic Bla  Conj/Tloc      #.......     99%         4
 Blade Hands              Tmut           #.........   100%        5


Dungeon Overview and Level Annotations

Branches:
Dungeon (9/15)             Temple (0/1) D:5            Lair (0/6) D:8
    Orc: D:9-12

Altars:
Cheibriados
Dithmenos
Elyvilon
Fedhas
Hepliaklqana
Makhleb
Nemelex Xobeh
Ru
Trog
Vehumet
Wu Jian
The Shining One

Shops:
D:4 (?([   D:8 !


Innate Abilities, Weirdness & Mutations

You can breathe wild blasts of lightning.
Your glossy black scales are hard. (AC +7)
You cannot fit into any form of body armour.
You are resistant to electric shocks. (rElec)
You are cold-blooded and may be slowed by cold attacks.


Message History

Things that are here:
a +0 flail; an orc corpse A quokka comes into view.
You whack the orc warrior!
You tail-slap the orc warrior, but do no damage.
The orc warrior is heavily wounded.
You hit the orc warrior but do no damage.
The orc warrior is heavily wounded.
The orc warrior hits you with a +2 war axe of venom!!
You hit the orc warrior.
The orc warrior is heavily wounded.
The hornet stings you.
You suddenly lose the ability to move!
The orc priest invokes the aid of Beogh against you.
Beogh smites you! The hornet stings you.
You feel yourself slow down. The orc hits you but does no damage.
The orc warrior hits you with a +2 war axe of venom!!
* * * LOW HITPOINT WARNING * * *
The hornet stings you!
You die...

..# .##. ...#...
##..####... . ..#...
#......#... .. #....
#......... ...####..##
#......##.# ..........#
#......#...
..........####.....###.)
.......yz............##.
....r.o@)......††.......
##....oo........†..#...#
........#........##....+
.............<...#.....#
...........##...........
...........#............
......^................#
...........#.......#...#
....####.....#....


You could see a hornet, an orc warrior, a wight, an orc priest, an orc and a
quokka.

Vanquished Creatures
  A komodo dragon (D:8)
  A hornet (D:8)
  3 yaks (D:9)
  A steam dragon (D:8)
  2 ice beasts (D:6)
  2 sky beasts
  2 black bears (D:8)
  2 orc warriors
  2 ogres
  2 centaurs
  A big kobold (D:8)
  5 bullfrogs
  4 scorpions
  6 wights (D:7)
  A killer bee (D:3)
  3 howler monkeys
  A centaur zombie (D:5)
  A bullfrog zombie (D:8)
  3 hounds
  A centaur skeleton (D:6)
  2 jellies
  A bullfrog skeleton (D:5)
  3 orc priests
  Crazy Yiuf (D:6)
  4 orc wizards
  4 iguanas
  6 worker ants
  A hound zombie (D:6)
  A mummy (D:6)
  Robin (D:4)
  A hound skeleton (D:5)
  A worker ant zombie (D:5)
  7 gnolls (D:3)
  11 adders
  4 white imps
  An ufetubus (D:6)
  An ooze (D:2)
  An adder zombie (D:5)
  An adder skeleton (D:9)
  A worm (D:2)
  A dart slug (D:2)
  5 leopard geckos
  24 orcs
  4 bats
  5 giant cockroaches
  8 hobgoblins
  13 jackals
  6 quokkas
  3 ball pythons
  10 frilled lizards
  13 goblins
  A jackal skeleton (D:6)
  11 kobolds
  6 rats
207 creatures vanquished.

Notes
Turn   | Place    | Note
-------+----------+-------------------------------------------
     0 | D:1      | Kinoniko the Draconian Berserker began the quest for the
                  | Orb.
     0 | D:1      | Reached XP level 1. HP: 19/19 MP: 1/1
   257 | D:1      | Reached XP level 2. HP: 15/26 MP: 2/2
   844 | D:1      | Reached XP level 3. HP: 29/31 MP: 3/3
   926 | D:2      | Reached ** piety under Trog
  1588 | D:2      | Found a bloodstained altar of Trog.
  1659 | D:3      | Reached skill level 1 in Shields
  1659 | D:3      | Reached XP level 4. HP: 38/38 MP: 4/4
  1667 | D:3      | Reached skill level 5 in Axes
  1815 | D:3      | Reached XP level 5. HP: 45/45 MP: 5/5
  1871 | D:3      | Found a sacrificial altar of Ru.
  1989 | D:3      | Reached skill level 1 in Maces & Flails
  2149 | D:3      | Found a radiant altar of Vehumet.
  2529 | D:4      | Reached skill level 2 in Maces & Flails
  2571 | D:3      | Reached XP level 6. HP: 6/51 MP: 6/6
  2849 | D:4      | Reached skill level 3 in Maces & Flails
  3025 | D:4      | Noticed Robin
  3037 | D:4      | Killed Robin
  3039 | D:4      | Reached *** piety under Trog
  3143 | D:4      | Found Douxodel's Antique Weapon Shop.
  3173 | D:4      | Bought a runed war axe for 175 gold pieces
  3182 | D:4      | Reached skill level 4 in Maces & Flails
  3305 | D:4      | Found a shadowy altar of Dithmenos.
  3356 | D:4      | Found Ruonyev's Antique Weapon Emporium.
  3531 | D:4      | Found an ornate altar of the Wu Jian Council.
  3531 | D:4      | Found a glowing golden altar of the Shining One.
  3595 | D:4      | Found Holowimo's Antique Armour Shoppe.
  3751 | D:4      | Found Arugyino's Magic Scroll Boutique.
  3793 | D:5      | Entered Level 5 of the Dungeon
  3797 | D:5      | Your scales start taking on a glossy black colour.
  3797 | D:5      | Reached XP level 7. HP: 57/57 MP: 7/7
  3797 | D:5      | Gained mutation: You are resistant to electric shocks.
                  | (rElec) [Black Draconian growth]
  3834 | D:5      | Found the +5 demon whip "Spellbinder" {antimagic, MR+}
  3973 | D:5      | Found a staircase to the Ecumenical Temple.
  4211 | D:5      | Reached skill level 5 in Maces & Flails
  4224 | D:5      | Found a hazy altar of Hepliaklqana.
  4696 | D:6      | Reached XP level 8. HP: 63/63 MP: 2/8
  4707 | D:6      | Reached skill level 6 in Maces & Flails
  4726 | D:6      | Found a sparkling altar of Nemelex Xobeh.
  4846 | D:6      | Reached **** piety under Trog
  4935 | D:6      | Reached skill level 5 in Shields
  5045 | D:6      | Found a burning altar of Makhleb.
  5045 | D:6      | Noticed a cacodemon
  5082 | D:6      | Found a runed translucent door.
  5083 | D:6      | Noticed Crazy Yiuf
  5089 | D:6      | Killed Crazy Yiuf
  5089 | D:6      | Reached skill level 7 in Maces & Flails
  5256 | D:6      | Found a blossoming altar of Fedhas.
  5373 | D:6      | Found a snail-covered altar of Cheibriados.
  5844 | D:7      | Reached skill level 8 in Maces & Flails
  6040 | D:7      | Reached XP level 9. HP: 70/70 MP: 3/9
  6421 | D:7      | Reached ***** piety under Trog
  6421 | D:7      | Reached skill level 9 in Maces & Flails
  6632 | D:8      | Received a gift from Trog
  6774 | D:8      | Found a white marble altar of Elyvilon.
  6788 | D:8      | Noticed a komodo dragon
  6796 | D:8      | Killed a komodo dragon
  6895 | D:8      | Reached skill level 10 in Maces & Flails
  7072 | D:8      | Reached skill level 11 in Maces & Flails
  7515 | D:8      | Found a staircase to the Lair.
  7657 | D:8      | Found Raj Udorph's Distillery.
  7700 | D:8      | Bought a potion of heal wounds for 70 gold pieces
  7762 | D:9      | Reached XP level 10. HP: 77/77 MP: 3/10
  7841 | D:9      | Paralysed by a hornet for 2 turns
  7842 | D:9      | Mangled by a hornet

Illustrated notes

Levels and vault maps discovered:
D:1:      dpeg_chamrin_arrival_tetris, layout_basic
D:2:      layout_rooms, lemuel_coloured_pillars_altar
D:3:      layout_loops_ring, old_standard_altar, serial_forest,
          infiniplex_forest_straight_3, infiniplex_forest_end_1,
          infiniplex_forest_clump_medium, infiniplex_forest_zigzag_1,
          infiniplex_forest_end_2, nicolae_ru_awakened_eye
D:4:      layout_basic, grunt_dithmenos_smoke, gammafunk_temple_overflow_wave,
          serial_shops, nicolae_shop_window_shopping, shop_fountains, shop,
          shop, minmay_fractal_squares_5, uniq_robin
D:5:      layout_basic, minmay_temple_entry_offerings, basic_altar,
          chequers_serial_rivers_small_a
D:6:      layout_gridville, slow_altar_2, makhleb_altar_promises_db,
          kennysheep_little_box, nemelex_spade_bored_becter,
          uniq_crazy_yiuf_cottage
D:7:      layout_basic
D:8:      layout_basic, elyvilon_altar_1, lair_entry_dummy,
          kennysheep_windowed_goal
D:9:      layout_cave_pools, kennysheep_mini, uniq_maurice

Skill      XL: |  1  2  3  4  5  6  7  8  9 |
---------------+----------------------------+-----
Axes           | 4 5 |  5.7
Shields        | 1 2 3 4 6 |  6.8
Maces & Flails | 2 4 5 8 11 | 11.6
Fighting       | |  3.3
Dodging        | |  2.7

Action                   |  1- 3 |  4- 6 |  7- 9 | 10-12 || total
-------------------------+-------+-------+-------+-------++-------
Melee: Hand axe          |   124 |    18 |       |       ||   142
       Tailslap          |    11 |    10 |    33 |     3 ||    57
       Whip              |       |   113 |       |       ||   113
       War axe           |       |    20 |     5 |       ||    25
       Demon whip        |       |       |   287 |    12 ||   299
Invok: Berserk           |     4 |     8 |    16 |       ||    28
       Trog's Hand       |       |     2 |       |       ||     2
  Use: Scroll            |     3 |     3 |    15 |       ||    21
       Potion            |       |     2 |       |       ||     2
 Stab: Sleeping          |     1 |       |     1 |       ||     2
Armor: Skin              |    47 |    63 |    53 |     1 ||   164
Dodge: Dodged            |    80 |    95 |    86 |     1 ||   262
Block: Buckler           |     7 |    39 |   106 |     3 ||   155
       Reflection        |       |     1 |     5 |       ||     6

Table legend: (Time is in decaauts)
 A = Elapsed time spent in this place.
 B = Non-inter-level travel time spent in this place.
 C = Inter-level travel time spent in this place.
 D = Time resting spent in this place.
 E = Time spent auto-exploring this place.
 F = Levels seen in this place.
 G = Mean time per level.
                   A        B        C        D        E       F      G
               +--------+--------+--------+--------+--------+-----+--------+
         Total |   7976 |   7756 |    220 |   2206 |   4479 |   9 |  886.2 |
       Dungeon |   7976 |   7756 |    220 |   2206 |   4479 |   9 |  886.2 |
               +--------+--------+--------+--------+--------+-----+--------+

Top non-repeatable levels by time:
     D:6: 1285 daAuts
     D:3: 1236 daAuts
     D:8: 1141 daAuts
     D:4: 986 daAuts
     D:1: 903 daAuts
     D:7: 792 daAuts
     D:5: 782 daAuts
     D:2: 761 daAuts
     D:9: 85 daAuts
